 Dungeon Crawl Stone Soup version 0.25-b1-39-g0d900dab71 (webtiles) character file.

Game seed: 6084010835284245600

97040 snowfan the Eclecticist (level 15, -10/105 HPs)
             Began as a Mummy Fire Elementalist on June 5, 2020.
             Was a High Priest of Vehumet.
             Shot with an arrow by a centaur warrior (28 damage)
             ... on level 15 of the Dungeon on June 7, 2020.
             The game lasted 04:30:57 (47356 turns).

snowfan the Eclecticist (Mummy Fire Elementalist)  Turns: 47356, Time: 04:30:57

Health: -10/105    AC: 12    Str: 11    XL:     15   Next: 70%
Magic:  48/55      EV: 12    Int: 19    God:    Vehumet [*****.]
Gold:   2813       SH:  0    Dex: 15    Spells: 4/50 levels left

rFire    + . .     SeeInvis .   G - +10 dire flail of the Thieving King {pain, rF+ MP+9}
rCold    + . .     Gourm    .   (shield currently unavailable)
rNeg     + + +     Faith    .   f - +1 robe {rF+}
rPois    ∞         Spirit   .   J - +2 hat
rElec    .         Reflect  .   H - +0 cloak of Uskayaw's Approval {MR+ rCorr Str-2 Dex+2} (curse)
rCorr    +         Harm     .   t - +0 pair of gloves
MR       ++...                  h - +0 pair of boots
Stlth    ++........             w - amulet of magic regeneration
HPRegen  0.27/turn              a - +4 ring of protection
MPRegen  0.59/turn              q - ring of magical power

@: studying Ice Magic
A: no food or potions, fire vulnerability, cold resistance 1, negative energy
resistance 3, torment resistance, unbreathing, in touch with death 1
a: Renounce Religion


You were on level 15 of the Dungeon.
You worshipped Vehumet.
Vehumet was extremely pleased with you.
You were not hungry.

You visited 5 branches of the dungeon, and saw 24 of its levels.
You also visited: Bailey and Ice Cave.

You collected 2945 gold pieces.
You spent 132 gold pieces at shops.

Inventory:

Hand Weapons
 G - the +10 dire flail of the Thieving King (weapon) {pain, rF+ MP+9}
   (You found it in a bailey)

   In the hands of one skilled in necromantic magic, it inflicts extra damage on
   living creatures.
   It protects you from fire.
   It affects your magic capacity (+9).
 U - the +7 rapier of Impermanence {protect, Int+4}
   (You found it on level 6 of the Lair of Beasts)

   It grants its wielder temporary protection when it strikes (+7 to AC).
   It affects your intelligence (+4).
Missiles
 d - 253 sling bullets
 S - 655 stones (quivered)
Armour
 e - a +2 robe of magic resistance
 f - a +1 robe of fire resistance (worn)
 h - a +0 pair of boots (worn)
 t - a +0 pair of gloves (worn)
 H - the cursed +0 cloak of Uskayaw's Approval (worn) {MR+ rCorr Str-2 Dex+2}
   (You found it on level 12 of the Dungeon)

   It affects your strength (-2).
   It affects your dexterity (+2).
   It affects your resistance to hostile enchantments.
   It provides partial protection from all sources of acid and corrosion.
   It has a curse placed upon it.
 J - a +2 hat (worn)
 M - a +2 robe of cold resistance
Magical Staves
 r - an uncursed staff of cold
 v - an uncursed staff of earth
 E - an uncursed staff of conjuration
 L - an uncursed staff of poison
Jewellery
 a - a +4 ring of protection (left hand)
 p - an uncursed ring of resist corrosion
 q - a ring of magical power (right hand)
 w - an amulet of magic regeneration (around neck)
 y - an uncursed ring of wizardry
 O - an uncursed ring of see invisible
 P - an uncursed ring of protection from fire
 X - an uncursed ring of ice
Wands
 b - a wand of acid (10)
 k - a wand of iceblast (50)
 u - a wand of paralysis (9)
 I - a wand of disintegration (16)
 K - a wand of digging (9)
Scrolls
 c - 3 scrolls of immolation
 g - 11 scrolls of amnesia
 i - 6 scrolls of identify
 j - 10 scrolls of teleportation
 l - a scroll of brand weapon
 m - 2 scrolls of fear
 n - 7 scrolls of enchant weapon
 o - 13 scrolls of remove curse
 s - a scroll of fog
 x - 9 scrolls of enchant armour
 z - 3 scrolls of summoning
 A - a scroll of torment
 B - 4 scrolls of magic mapping
 C - a scroll of acquirement
 D - 4 scrolls of blinking
 N - 4 scrolls of holy word
 R - a scroll of noise
Books
 F - a manual of Ice Magic
Miscellaneous
 T - a phial of floods


   Skills:
 - Level 6.0 Fighting
 - Level 1.5 Dodging
 - Level 1.5 Stealth
 + Level 18.0 Spellcasting
 - Level 11.3 Conjurations
 - Level 7.0 Hexes
 - Level 5.1 Translocations
 - Level 12.6 Fire Magic
 - Level 6.3 Ice Magic
 - Level 2.1 Poison Magic


You had 4 spell levels left.
You knew the following spells:

 Your Spells              Type           Power        Failure   Level  Hunger
a - Foxfire               Conj/Fire      ####         0%          1    N/A
b - Portal Projectile     Hex/Tloc       #####.       1%          3    N/A
c - Sticky Flame          Conj/Fire      ######..     1%          4    N/A
d - Conjure Flame         Conj/Fire      ######..     1%          3    N/A
e - Bolt of Magma         Conj/Fire/Erth #####.....   1%          5    N/A
f - Fireball              Conj/Fire      ######....   1%          5    N/A
g - Lee's Rapid Deconstr  Erth           ###.......   22%         5    N/A
l - Slow                  Hex            #####...     1%          2    N/A
o - Mephitic Cloud        Conj/Pois/Air  ####....     1%          3    N/A
p - Fulminant Prism       Conj/Hex       ######....   1%          4    N/A
q - Blink                 Tloc           N/A          1%          2    N/A
r - Freezing Cloud        Conj/Ice/Air   #####.....   12%         6    N/A
x - Inner Flame           Hex/Fire       ######..     1%          3    N/A

Your spell library contained the following spells:

 Spells                   Type           Power        Failure   Level  Hunger
 Starburst                Conj/Fire      ######....   1%          6    N/A
 Apportation              Tloc           #####.       1%          1    N/A
 Corona                   Hex            #####..      1%          1    N/A
 Freeze                   Ice            ####         1%          1    N/A
 Magic Dart               Conj           ####         1%          1    N/A
 Ensorcelled Hibernation  Hex/Ice        #####.       1%          2    N/A
 Shroud of Golubria       Chrm/Tloc      ####..       1%          2    N/A
 Confusing Touch          Hex            #####...     1%          3    N/A
 Dazzling Flash           Conj/Hex       ######       1%          3    N/A
 Frozen Ramparts          Ice            #####.       1%          3    N/A
 Ignite Poison            Fire/Tmut/Pois #####...     1%          3    N/A
 Stone Arrow              Conj/Erth      #####.       1%          3    N/A
 Tukima's Dance           Hex            #####...     1%          3    N/A
 Cause Fear               Hex            #####.....   1%          4    N/A
 Hailstorm                Conj/Ice       ######..     1%          4    N/A
 Sting                    Tmut/Pois      ###.         2%          1    N/A
 Ozocubu's Armour         Chrm/Ice       ####....     2%          3    N/A
 Spectral Weapon          Hex/Chrm       ####....     2%          3    N/A
 Animate Skeleton         Necr           N/A          3%          1    N/A
 Infusion                 Chrm           ###.         3%          1    N/A
 Pain                     Necr           ####         3%          1    N/A
 Summon Small Mammal      Summ           ###.         3%          1    N/A
 Poisonous Vapours        Pois/Air       ###...       3%          2    N/A
 Call Imp                 Summ           ###.....     4%          2    N/A
 Song of Slaying          Chrm           ###.....     4%          2    N/A
 Olgreb's Toxic Radiance  Pois           ####....     4%          4    N/A
 Leda's Liquefaction      Hex/Erth       ####......   8%          4    N/A
 Summon Ice Beast         Ice/Summ       ####....     9%          4    N/A
 Vampiric Draining        Necr           ####......   10%         3    N/A
 Animate Dead             Necr           N/A          32%         4    N/A
 Agony                    Necr           ####....     65%         5    N/A
 Ring of Flames           Chrm/Fire      #####.....   90%         7    N/A

Dungeon Overview and Level Annotations

Branches:
Dungeon (15/15)            Temple (1/1) D:4            Lair (6/6) D:10
 Shoals (1/4) Lair:4       Spider (0/4) Lair:3        Slime (0/5) Lair:6
    Orc (1/2) D:11         Vaults (0/5) D:14         Depths (0/5) D:15
 Bailey (visited)           IceCv (visited)

Altars:
Ashenzari
Cheibriados
Dithmenos
Elyvilon
Fedhas
Gozag
Hepliaklqana
Kikubaaqudgha
Makhleb
Nemelex Xobeh
Okawaru
Qazlal
Ru
Sif Muna
Trog
Uskayaw
Vehumet
Wu Jian
Xom
Yredelemnul
Zin
The Shining One
Jiyva

Shops:
D:9 *   D:10 (   D:12 (   D:14 (

Annotations:
D:2 Natasha
Lair:5 2 transporters, Zimaveycw's ghost, journeyman OpFi
Orc:1 Jorgrun


Innate Abilities, Weirdness & Mutations

You do not eat or drink.
Your flesh is vulnerable to fire.
You are immune to poison.
Your flesh is cold resistant. (rC+)
You are immune to negative energy. (rN+++)
You are immune to unholy pain and torment.
You can survive without breathing.
You are in touch with the powers of death.


Message History

The centaur warrior wields a +0 shortbow.
The centaur warrior shoots an arrow.
The arrow hits you!!
The centaur warrior is engulfed in freezing vapours.
The centaur warrior shoots an arrow.
The arrow hits you.
You see here an arrow.
The frost giant is engulfed in freezing vapours.
There is an open door here.
The centaur warrior is engulfed in freezing vapours.
The centaur warrior shoots an arrow.
The arrow hits you!!
* * * LOW HITPOINT WARNING * * *
You see here an arrow.
As you read the scroll of fog, it crumbles to dust.
The scroll dissolves into smoke.
Casting: Freezing Cloud (dangerous; 12% risk of failure)
Confirm with . or Enter, or press ? or * to list all spells.
There's already a cloud here!
The centaur warrior shoots an arrow.
The arrow closely misses you.
You see here an arrow.
The centaur warrior shoots an arrow.
The arrow hits you!!
You die...

♣. ..#........... ....
............## .....
.............## ....
#.......<......
....##......)........
###.#..................
#...#.................#
#.....................#
###...##@....####........
###c.....(.....^#..........
#§§§..##...................
#§######...................
#§# ###................#
####§####
#...............##
#≈≈§§§≈≈#
#...#.#..........#
#≈..#.(≈#
#######...........
#.#.#.#(# ##..........


You could see a centaur warrior.

Vanquished Creatures
  Kirke (Lair:6)
  Josephine (D:13)
  2 merfolk impalers (Shoals:1)
  Erolcha (D:9)
  Harold (D:10)
  A fire dragon (Lair:6)
  2 rakshasas
  Fannar (D:11)
  A catoblepas (Lair:6)
  6 hydras
  4 centaur warriors
  A merfolk avatar (Shoals:1)
  A death knight (D:15)
  5 two-headed ogres
  A tengu warrior (D:15)
  The ghost of Setanta the Blocker, a novice GnFi of Okawaru (Lair:4)
  An orc high priest (Orc:1)
  3 death yaks
  A fire crab (Lair:5)
  5 skeletal warriors (D:13)
  A swamp dragon (Lair:6)
  A sea snake (Shoals:1)
  2 orc knights
  2 lindwurms
  A phantasmal warrior (D:15)
  4 necromancers
  2 cyclopes (D:14)
  9 ugly things
  7 manticores
  4 oklob plants (Lair:5)
  A water nymph (Shoals:1)
  2 molten gargoyles (Lair:5)
  An ice statue (IceCv)
  Maurice (D:9)
  2 gargoyles (D:11)
  7 black mambas
  15 spiny frogs
  A torpor snail (Lair:6)
  5 rime drakes
  5 komodo dragons
  2 ice devils (Lair:4)
  12 freezing wraiths
  A tengu conjurer (D:14)
  6 merfolk (Shoals:1)
  8 trolls
  A hornet (D:9)
  A polar bear (Lair:3)
  5 slime creatures
  15 blink frogs
  12 hippogriffs
  Grinder (D:4)
  3 dream sheep
  2 snapping turtles
  4 shadows
  A water elemental (D:14)
  4 wyverns
  A vampire (D:13)
  67 yaks
  5 wraiths
  2 humans
  A hungry ghost (D:7)
  7 basilisks
  6 hogs
  2 steam dragons (Lair:6)
  8 vampire mosquitoes
  2 wargs (Orc:1)
  A soldier ant (D:12)
  9 water moccasins
  An acid dragon (Lair:6)
  9 porcupines
  9 orc warriors
  2 swamp drakes (Lair:6)
  2 sky beasts
  10 ice beasts
  3 phantoms
  A black bear (D:8)
  An eye of draining (D:8)
  5 ogres
  11 centaurs
  11 wolves
  14 crocodiles
  20 bullfrogs
  9 scorpions
  27 killer bees
  An elephant simulacrum (IceCv)
  20 wights
  4 electric eels
  5 howler monkeys
  3 draconian simulacra (IceCv)
  4 crimson imps
  A centaur zombie (D:5)
  5 lava snakes (Lair:5)
  3 bullfrog zombies
  8 hounds
  7 centaur skeletons
  6 jellies
  7 orc priests
  A bullfrog skeleton (D:12)
  2 gnoll shamans
  11 orc wizards
  Terence (D:2)
  Natasha (twice) (D:2)
  6 iguanas
  2 spriggan simulacra (IceCv)
  4 troll simulacra (IceCv)
  13 worker ants
  4 yak simulacra (Lair:6)
  5 wolf simulacra
  3 polar bear simulacra
  3 centaur simulacra (IceCv)
  A hound skeleton (D:7)
  2 worker ant zombies
  9 gnolls
  A howler monkey skeleton (D:10)
  3 ogre simulacra (IceCv)
  12 adders
  5 naga simulacra (IceCv)
  A shadow imp (D:15)
  13 white imps
  2 adder zombies (D:7)
  3 adder skeletons
  4 worms
  3 dart slugs
  10 leopard geckos
  61 orcs
  10 bats
  8 giant cockroaches
  7 goblins
  13 hobgoblins
  7 jackals
  20 kobolds
  7 quokkas
  4 ball pythons
  4 frilled lizards
  A giant cockroach zombie (D:6)
  A jackal zombie (D:8)
  2 leopard gecko skeletons (D:4)
  A quokka skeleton (D:5)
  6 rats
  2 river rat simulacra (Lair:6)
  4 fulminant prisms
  4 fungi
  29 plants
828 creatures vanquished.

Vanquished Creatures (collateral kills)
  An orc (D:6)
  A frilled lizard (D:3)
  A rat (D:3)
3 creatures vanquished.

Vanquished Creatures (others)
  933 foxfires
  63 fulminant prisms
  21 fungi
  16 plants
  5 toadstools (D:12)
1038 creatures vanquished.

Grand Total: 1869 creatures vanquished

Notes
Turn   | Place    | Note
-------+----------+-------------------------------------------
     0 | D:1      | snowfan the Mummy Fire Elementalist began the quest for the
                  | Orb.
     0 | D:1      | Reached XP level 1. HP: 13/13 MP: 4/4
    53 | D:1      | Reached skill level 3 in Spellcasting
   191 | D:1      | Reached XP level 2. HP: 19/19 MP: 3/6
   391 | D:1      | Reached skill level 4 in Spellcasting
   694 | D:1      | Reached XP level 3. HP: 24/24 MP: 6/8
  1360 | D:2      | Reached skill level 5 in Spellcasting
  1562 | D:2      | Noticed Terence
  1645 | D:2      | Killed Terence
  1645 | D:2      | Reached XP level 4. HP: 5/30 MP: 1/11
  1984 | D:2      | Noticed Natasha
  1990 | D:2      | Killed Natasha
  1990 | D:2      | Reached skill level 6 in Spellcasting
  2028 | D:2      | Found a shimmering altar of Xom.
  2028 | D:2      | Found a burning altar of Makhleb.
  2028 | D:2      | Found a sparkling altar of Nemelex Xobeh.
  2028 | D:2      | Found a hazy altar of Hepliaklqana.
  2319 | D:2      | Noticed Natasha
  2327 | D:2      | Killed Natasha
  2327 | D:2      | Reached XP level 5. HP: 35/35 MP: 10/14
  2844 | D:2      | Noticed Natasha
  3381 | D:3      | Reached skill level 7 in Spellcasting
  3718 | D:3      | Found a glowing golden altar of the Shining One.
  3850 | D:4      | Found a staircase to the Ecumenical Temple.
  3863 | Temple   | Entered the Ecumenical Temple
  4088 | Temple   | Became a worshipper of Vehumet
  4185 | D:4      | Noticed Grinder
  4191 | D:4      | Paralysed by Grinder for 3 turns
  4204 | D:4      | Killed Grinder
  4204 | D:4      | Reached XP level 6. HP: 40/41 MP: 11/16
  4277 | D:4      | Noticed an orc warrior
  4559 | D:3      | Learned a level 3 spell: Conjure Flame
  4563 | D:3      | Learned a level 3 spell: Inner Flame
  4568 | D:3      | Learned a level 4 spell: Sticky Flame
  4574 | D:3      | Learned a level 5 spell: Fireball
  4727 | D:3      | Reached skill level 8 in Spellcasting
  5253 | D:4      | Reached XP level 7. HP: 46/46 MP: 12/18
  5620 | D:4      | Found a shattered altar of Ashenzari.
  5620 | D:4      | Found a bloodstained altar of Trog.
  5817 | D:5      | Entered Level 5 of the Dungeon
  6100 | D:5      | Reached skill level 9 in Spellcasting
  8241 | D:6      | Learned a level 2 spell: Slow
  8347 | D:6      | Reached skill level 1 in Conjurations
  9036 | D:7      | Reached XP level 8. HP: 52/52 MP: 21/21
  9580 | D:7      | Reached * piety under Vehumet
  9580 | D:7      | Offered knowledge of Shock by Vehumet.
  9608 | D:7      | Reached skill level 5 in Fire Magic
 10061 | D:7      | Reached skill level 10 in Spellcasting
 10610 | D:7      | Reached skill level 11 in Spellcasting
 10620 | D:7      | Reached XP level 9. HP: 52/57 MP: 21/24
 10706 | D:7      | Reached skill level 12 in Spellcasting
 11742 | D:8      | Reached skill level 13 in Spellcasting
 12513 | D:8      | Reached XP level 10. HP: 63/63 MP: 27/27
 12569 | D:8      | Offered knowledge of Freeze by Vehumet.
 12625 | D:8      | Reached ** piety under Vehumet
 13659 | D:8      | Noticed a two-headed ogre
 13732 | D:8      | Reached skill level 5 in Conjurations
 14085 | D:8      | Killed a two-headed ogre
 14146 | D:8      | Learned a level 3 spell: Portal Projectile
 14866 | D:8      | Noticed a two-headed ogre
 14885 | D:8      | Killed a two-headed ogre
 15225 | D:9      | Reached skill level 1 in Hexes
 15272 | D:9      | Noticed Erolcha
 15285 | D:9      | Killed Erolcha
 15547 | D:9      | Found a shimmering blue altar of Sif Muna.
 15549 | D:9      | Noticed a two-headed ogre
 15567 | D:9      | Killed a two-headed ogre
 15567 | D:9      | Reached skill level 5 in Hexes
 15567 | D:9      | Reached XP level 11. HP: 68/68 MP: 10/28
 15822 | D:9      | Offered knowledge of Ignite Poison by Vehumet.
 16408 | D:9      | Found Gadexon's General Store.
 16416 | D:9      | Bought a scroll of amnesia for 42 gold pieces
 16416 | D:9      | Bought a scroll of identify for 24 gold pieces
 16416 | D:9      | Bought a scroll of amnesia for 42 gold pieces
 16416 | D:9      | Bought a scroll of identify for 24 gold pieces
 16542 | D:9      | Found a shimmering altar of Xom.
 16542 | D:9      | Found a shimmering altar of Xom.
 16542 | D:9      | Found a shimmering altar of Xom.
 16543 | D:9      | Found a shimmering altar of Xom.
 16543 | D:9      | Found a shimmering altar of Xom.
 16543 | D:9      | Found a shimmering altar of Xom.
 16544 | D:9      | Found a shimmering altar of Xom.
 16544 | D:9      | Found a shimmering altar of Xom.
 16696 | D:9      | Noticed Maurice
 16702 | D:9      | Killed Maurice
 16865 | D:9      | Reached *** piety under Vehumet
 17389 | D:10     | Entered Level 10 of the Dungeon
 17389 | D:10     | Noticed Harold
 17394 | D:10     | Noticed a purple ugly thing
 17552 | D:10     | Found a staircase to the Lair.
 17618 | D:10     | Reached skill level 14 in Spellcasting
 17800 | D:10     | Found Mealibri's Weapon Shoppe.
 17914 | D:10     | Reached skill level 1 in Fighting
 17914 | D:10     | Offered knowledge of Fulminant Prism by Vehumet.
 18177 | D:10     | Learned a level 4 spell: Fulminant Prism
 18184 | D:10     | Killed a purple ugly thing
 18551 | D:10     | Reached skill level 5 in Fighting
 18627 | D:10     | Killed Harold
 18883 | D:10     | You fall into a shaft and drop 2 floors!
 18892 | D:12     | Found Jyceaqy's Antique Weapon Boutique.
 18945 | D:12     | Reached **** piety under Vehumet
 19122 | D:12     | Found a flagged portal.
 19131 | D:12     | Offered knowledge of Stone Arrow by Vehumet.
 19236 | Bailey   | Entered a bailey
 19551 | Bailey   | Noticed an orc knight
 19591 | Bailey   | Killed an orc knight
 19813 | Bailey   | Found an iron altar of Okawaru.
 19820 | Bailey   | Got a glittering iron ring
 19828 | Bailey   | Got a transparent dire flail
 19957 | Bailey   | Identified the ring of New Discoveries {rC+ Str+4 Int-2}
                  | (You found it in a bailey)
 19960 | Bailey   | Identified a scroll of acquirement
 19963 | Bailey   | Identified the +10 dire flail of the Thieving King {pain,
                  | rF+ MP+9} (You found it in a bailey)
 20255 | D:12     | Reached XP level 12. HP: 86/88 MP: 12/30
 20722 | D:12     | Got a fine cloak
 20735 | D:12     | Identified the cursed +0 cloak of Uskayaw's Approval {MR+
                  | rCorr Str-2 Dex+2} (You found it on level 12 of the
                  | Dungeon)
 22635 | D:11     | Reached ***** piety under Vehumet
 22726 | D:11     | Offered knowledge of Bolt of Magma by Vehumet.
 22778 | D:11     | Noticed Fannar
 22886 | D:11     | Killed Fannar
 23129 | D:11     | Found a staircase to the Orcish Mines.
 23553 | D:13     | Noticed a centaur warrior
 23559 | D:13     | Killed a centaur warrior
 23822 | D:13     | Noticed Josephine
 24089 | D:13     | Killed Josephine
 24089 | D:13     | Reached skill level 10 in Fire Magic
 24120 | D:13     | Noticed a two-headed ogre
 24139 | D:13     | Killed a two-headed ogre
 25001 | D:13     | Gained mutation: You are in touch with the powers of death.
                  | [Mummy growth]
 25001 | D:13     | Reached XP level 13. HP: 32/93 MP: 6/31
 26172 | D:14     | Reached skill level 10 in Conjurations
 26504 | D:13     | Learned a level 5 spell: Bolt of Magma
 26891 | D:14     | Offered knowledge of Lee's Rapid Deconstruction by Vehumet.
 26953 | D:14     | Found a gate to the Vaults.
 26994 | D:14     | Found Cyurhoss's Weapon Emporium.
 27556 | D:15     | Entered Level 15 of the Dungeon
 29228 | Lair:1   | Entered Level 1 of the Lair of Beasts
 30917 | Lair:1   | Learned a level 5 spell: Lee's Rapid Deconstruction
 32098 | Lair:2   | Got an ancient dagger
 32102 | Lair:2   | Identified the +8 dagger of Spite {speed, rPois rF+ Str+4
                  | Dex-5} (You found it on level 2 of the Lair of Beasts)
 33760 | Lair:3   | Reached XP level 14. HP: 88/100 MP: 32/32
 33976 | Lair:3   | Learned a level 2 spell: Blink
 34189 | Lair:3   | Learned a level 3 spell: Mephitic Cloud
 34314 | Lair:3   | Reached skill level 1 in Poison Magic
 34740 | Lair:3   | Found a hole to the Spider Nest.
 35140 | Lair:4   | Found a runed translucent gate.
 35163 | Lair:4   | Found a frozen archway.
 35245 | IceCv    | Entered an ice cave
 35278 | IceCv    | Offered knowledge of Spellforged Servitor by Vehumet.
 35619 | IceCv    | Found an ancient bone altar of Kikubaaqudgha.
 36330 | Lair:4   | Reached skill level 15 in Spellcasting
 36355 | Lair:4   | Found a runed translucent gate.
 36608 | Lair:4   | Found a runed translucent gate.
 36610 | Lair:4   | Noticed Setanta's ghost (novice GnFi)
 36818 | Lair:4   | Reached skill level 1 in Translocations
 37284 | Lair:4   | Found a staircase to the Shoals.
 37681 | Lair:4   | Killed Setanta's ghost
 38085 | Lair:5   | Found a transporter.
 38085 | Lair:5   | Noticed Zimaveycw's ghost (journeyman OpFi)
 38110 | Lair:5   | Found a transporter.
 38811 | Lair:5   | Reached skill level 5 in Translocations
 39421 | Shoals:1 | Entered Level 1 of the Shoals
 41574 | Lair:5   | Identified the Guide on Burning Battle Magic
 41640 | Lair:5   | Offered knowledge of Lightning Bolt by Vehumet.
 41979 | Lair:6   | Entered Level 6 of the Lair of Beasts
 42472 | Lair:6   | Reached XP level 15. HP: 97/105 MP: 23/34
 42615 | Lair:6   | Reached skill level 16 in Spellcasting
 42980 | Lair:6   | Noticed Kirke
 42988 | Lair:6   | Killed Kirke
 43348 | Lair:6   | Reached skill level 17 in Spellcasting
 43882 | Lair:6   | Found a viscous altar of Jiyva.
 43883 | Lair:6   | Found a staircase to the Slime Pits.
 44568 | Lair:6   | Learned a level 6 spell: Freezing Cloud
 44975 | Lair:6   | Reached skill level 18 in Spellcasting
 45337 | Lair:6   | Got a jewelled rapier
 45545 | Lair:6   | Identified the +7 rapier of Impermanence {protect, Int+4}
                  | (You found it on level 6 of the Lair of Beasts)
 45903 | Lair:4   | Upgraded the game from 0.25-b1-37-g2669288c55 to
                  | 0.25-b1-39-g0d900dab71
 46135 | Orc:1    | Entered Level 1 of the Orcish Mines
 46145 | Orc:1    | Reached skill level 1 in Ice Magic
 46153 | Orc:1    | Noticed Jorgrun
 46923 | D:15     | Reached skill level 5 in Ice Magic
 46927 | D:15     | Offered knowledge of Starburst by Vehumet.
 47101 | D:15     | Found a white marble altar of Elyvilon.
 47341 | D:15     | Found a staircase to the Depths.
 47341 | D:15     | Noticed a frost giant
 47356 | D:15     | Shot with an arrow by a centaur warrior

Illustrated notes

Levels and vault maps discovered:
D:1:      giann_wishing_wells, layout_basic
D:2:      layout_basic, chequers_temple_overflow_statue_of_worship,
          uniq_natasha, uniq_terence
D:3:      layout_rooms, first_ration, corexii_item_surrounded_by_moat,
          nicolae_tso_swordbearing_angel
D:4:      layout_rooms, gammafunk_temple_overflow_pools,
          minmay_temple_entry_sparse_star, uniq_grinder
D:5:      layout_basic
D:6:      layout_loops_cross
D:7:      layout_basic, grunt_livestock, minmay_fire_ice_demons
D:8:      minmay_ornate_pinched, layout_basic
D:9:      layout_basic, lemuel_doored_altar, serial_shops, shop,
          xom_redecorated, uniq_erolcha, uniq_maurice
D:10:     layout_loops_cross, lair_entry_dummy, serial_shops,
          nicolae_shop_trees, uniq_harold
D:11:     layout_roguey, hiddenorc1_lemuel, uniq_fannar
D:12:     layout_small_grid, enter_bailey_2, serial_shops, shop,
          minmay_gold_behind_fungi
D:13:     layout_basic, uniq_josephine
D:14:     layout_basic, david_vaults_1, serial_shops, shop
D:15:     grunt_enter_depths_snipers, layout_cave_pools, elyvilon_altar_3,
          serial_rivers, chequers_serial_rivers_marsh,
          chequers_serial_rivers_micro_c, chequers_serial_rivers_micro_e,
          chequers_serial_rivers_small_a, chequers_serial_rivers_marsh,
          chequers_serial_rivers_small_3
Temple:   regret_index_temple_generic_petals
Lair:1:   wad_woods_structure_01, layout_chaotic_city
Lair:2:   layout_loops_ring, nicolae_quartered_pool_little
Lair:3:   layout_loops_ring, nicolae_spider_entry_non_spiders,
          chequers_serial_rivers_large_b, serial_bayou_shore_b
Lair:4:   layout_regular_city, minmay_shoals_entry_hut,
          portal_ice_cave_demonic_guard, gammafunk_ghost_split,
          gauntlet_entry_generic, serial_bayou_shore_b
Lair:5:   cheibrodos_magma_flow, layout_regular_city, gammafunk_ghost_arena,
          minmay_lair_oklob_chamber
Lair:6:   guppyfry_lair_end_dragon, layout_long_grid, hangedman_lair_in_review,
          slime_altar_1, serial_rivers, chequers_serial_rivers_micro_e,
          chequers_serial_rivers_room_b, chequers_serial_rivers_small_a,
          chequers_serial_rivers_large_a, chequers_serial_rivers_room_a,
          chequers_serial_rivers_micro_a, st_stairs_4, eino_house_with_fridge,
          uniq_kirke
Shoals:1: layout_shoals
Orc:1:    layout_caves, guppyfry_orc_lava_fort, uniq_urug, uniq_jorgrun

Skill      XL: |  1  2  3  4  5  6  7  8  9 10 11 12 13 14 15 |
---------------+----------------------------------------------+-----
Spellcasting   | 3 4 5 6 7 8 9 11 13 14 15 18 | 18.0
Fire Magic     | 3 4 5 6 7 8 10 11 12 | 12.6
Conjurations   | 1 3 4 6 7 9 11 | 11.3
Hexes          | 5 6 7 |  7.0
Fighting       | 6 |  6.0
Poison Magic   | 2 |  2.1
Translocations | 5 |  5.1
Ice Magic      | 6 |  6.3
Dodging        | |  1.5
Stealth        | |  1.5

Action                   |  1- 3 |  4- 6 |  7- 9 | 10-12 | 13-15 || total
-------------------------+-------+-------+-------+-------+-------++-------
Melee: Club              |     2 |       |       |       |       ||     2
       Unarmed           |     2 |       |       |       |       ||     2
       Dagger            |    10 |     9 |   241 |   358 |       ||   618
       Dire flail        |       |       |       |    25 |    28 ||    53
Throw: Stone             |       |       |     1 |    26 |     2 ||    29
 Cast: Foxfire           |    79 |   141 |   240 |   142 |    21 ||   623
       Conjure Flame     |       |     4 |    84 |    69 |    34 ||   191
       Sticky Flame      |       |     2 |    22 |   115 |    87 ||   226
       Slow              |       |       |     2 |       |     4 ||     6
       Portal Projectile |       |       |       |    14 |     6 ||    20
       Fireball          |       |       |       |   170 |   528 ||   698
       Fulminant Prism   |       |       |       |    16 |    51 ||    67
       Inner Flame       |       |       |       |    33 |    22 ||    55
       Bolt of Magma     |       |       |       |       |    70 ||    70
       Blink             |       |       |       |       |    17 ||    17
       Mephitic Cloud    |       |       |       |       |     3 ||     3
       Freezing Cloud    |       |       |       |       |    12 ||    12
       Lee's Rapid Decon |       |       |       |       |     1 ||     1
  Use: Scroll            |       |       |    10 |    12 |    17 ||    39
 Stab: Sleeping          |     2 |     1 |       |     1 |       ||     4
       Distracted        |       |       |       |     1 |       ||     1
Armor: Robe              |     7 |    15 |   122 |   229 |    90 ||   463
Dodge: Dodged            |    13 |    39 |   163 |   341 |   144 ||   700
